 Dungeon Crawl Stone Soup version 0.32-a0-630-g46d191b0ed (webtiles) character file.

Game seed: 7385917288944452923

63 zenocrate the Sneak (level 3, -1/25 HPs)
             Began as a Vampire Earth Elementalist on Mar 6, 2024.
             Slain by a kobold
             ... wielding a +2 short sword of holy wrath
              (4 damage)
             ... on level 2 of the Dungeon.
             The game lasted 00:02:16 (1192 turns).

zenocrate the Sneak (Vampire Earth Elementalist)    Turns: 1192, Time: 00:02:17

Health: -1/25      AC:  2    Str:  7    XL:     3   Next: 89%
Magic:  4/6        EV: 12    Int: 19    God:
Gold:   25         SH:  0    Dex: 14    Spells: 2/6 levels left

rFire   . . .        a - +0 short sword
rCold   . . .        c - orb {mayhem}
rNeg    . . .        h - +0 robe
rPois   .            (no helmet)
rElec   .            (no cloak)
rCorr   .            (no gloves)
SInv    +            (no boots)
Will    .....        (no amulet)
Stlth   ++           (no ring)
HPRegen 0.44/turn    (no ring)
MPRegen 0.10/turn

%: mayhem
@: healing quickly
A: alive, fangs 3, see invisible, vampiric 2
a: Exsanguinate


You were on level 2 of the Dungeon.
You visited 1 branch of the dungeon, and saw 2 of its levels.

You collected 25 gold pieces.

Inventory:

Hand Weapons
 a - a +0 short sword (weapon)
Armour
 c - an orb of mayhem (worn)
 h - a +0 robe (worn)
Scrolls
 d - a scroll of enchant weapon {unknown}
 e - a scroll of noise {unknown}
 f - a scroll of acquirement {unknown}
 g - a scroll of identify {unknown}


   Skills:
 + Level 0.4 Fighting
 + Level 2.8 Dodging
 + Level 3.9 Stealth
 + Level 2.4 Spellcasting
 + Level 1.2 Conjurations
 + Level 3.3 Earth Magic


You had 2 spell levels left.
You knew the following spells:

 Your Spells              Type           Power      Damage    Failure   Level
a - Sandblast             Erth           30%        2d9       4%          1
b - Stone Arrow           Conj/Erth      22%        3d8       19%         3

Your spell library contained the following spells:

 Spells                   Type           Power      Damage    Failure   Level
 Passwall                 Erth           15%        N/A       12%         3
 Brom's Barrelling Bould  Conj/Erth      11%        2d3       52%         4
 Petrify                  Alch/Erth      8%         N/A       63%         4


Dungeon Overview and Level Annotations

Branches:
Dungeon (2/15)

Altars:


Innate Abilities, Weirdness & Mutations

Your natural rate of healing is accelerated.
You have razor-sharp teeth.
You have supernaturally acute eyesight. (SInv)
You are afflicted with vampirism and can become a bat while bloodless.


Message History

Casting: Sandblast (safe; 4% risk of failure)
Confirm with . or Enter, or press ? or * to list all spells.
Aiming: Sandblast (safe; 4% risk of failure)
Press: ? - help, Shift-Dir - straight line, f - kobold
Aim: a kobold, wielding a +2 short sword of holy wrath and wearing a +0 ring mail (80% to hit)
The blast of sand hits the kobold but does no damage.
The kobold misses you. The kobold hits you but does no damage.
Unknown command.
You aren't carrying any items that you can evoke.
Unknown command.
Okay, then.
You completely miss the kobold.
The kobold hits you with a +2 short sword of holy wrath.
You convulse.
Unknown command.
Magic courses through your body.
The kobold hits you with a +2 short sword of holy wrath.
You convulse.
* * * LOW HITPOINT WARNING * * *
Unknown command.
Unknown command.
Casting: Sandblast (safe; 4% risk of failure)
Confirm with . or Enter, or press ? or * to list all spells.
Aiming: Sandblast (safe; 4% risk of failure)
Press: ? - help, Shift-Dir - straight line, f/p - kobold
Aim: a kobold, wielding a +2 short sword of holy wrath and wearing a +0 ring mail (80% to hit)
The blast of sand hits the kobold but does no damage.
The kobold closely misses you.
Unknown command.
Casting: Sandblast (safe; 4% risk of failure)
Confirm with . or Enter, or press ? or * to list all spells.
Aiming: Sandblast (safe; 4% risk of failure)
Press: ? - help, Shift-Dir - straight line, f/p - kobold
Aim: a kobold, wielding a +2 short sword of holy wrath and wearing a +0 ring mail (80% to hit)
The blast of sand hits the kobold but does no damage.
The kobold closely misses you.
The kobold hits you with a +2 short sword of holy wrath.
* * * LOW HITPOINT WARNING * * *
You convulse.
You die...

########### #
..........# #
.#.#####..##
##...##
##..#†.##
#..###..#
###.## ##.###
#....# #....##
#...#@##
##.#..##
#..##K#
####..# #.#
$.. ##.# #.
####. ####..#
. #.##.#..## .
.#....##
##.###
##..##########
#.......).....


You could see a kobold.

Vanquished Creatures
  2 adders (D:2)
  A ribbon worm (D:2)
  2 dart slugs (D:1)
  4 bats
  4 endoplasms
  A giant cockroach (D:1)
  3 goblins
  3 hobgoblins
  3 kobolds
  A quokka (D:1)
  6 ball pythons
  4 rats
34 creatures vanquished.

Vanquished Creatures (collateral kills)
  A goblin (D:1)
  A ball python (D:2)
  A rat (D:1)
3 creatures vanquished.

Grand Total: 37 creatures vanquished

Notes
Turn   | Place    | Note
-------+----------+-------------------------------------------
     0 | D:1      | zenocrate the Vampire Earth Elementalist began the quest
                  | for the Orb.
     0 | D:1      | Reached XP level 1. HP: 13/13 MP: 3/3
   177 | D:1      | Reached XP level 2. HP: 19/19 MP: 1/5
   346 | D:1      | Reached skill level 1 in Conjurations
   637 | D:1      | Gained mutation: You are afflicted with vampirism and can
                  | become a bat while bloodless. [Vampire growth]
   637 | D:1      | Reached XP level 3. HP: 24/24 MP: 2/6
   806 | D:1      | Learned a level 3 spell: Stone Arrow
  1192 | D:2      | Slain by a kobold

Illustrated notes

Levels and vault maps discovered:
D:1:      dpeg_arrival_pits, layout_basic
D:2:      layout_basic, minmay_fractal_squares_gapless_5

Skill      XL: |  1  2 |
---------------+-------+-----
Conjurations   | 1 |  1.2
Fighting       | |  0.4
Dodging        | |  2.8
Stealth        | |  3.9
Spellcasting   | |  2.4
Earth Magic    | |  3.3

Action                     || total
---------------------------++-------
  Melee: Unarmed           ||    11
         Bite              ||     1
         Short sword       ||    12
   Cast: Sandblast         ||    54
    Use: Potion            ||     1
   Stab: Sleeping          ||     1
 Armour: Robe              ||    39
  Dodge: Dodged            ||    24

Table legend: (Time is in decaauts)
 A = Elapsed time spent in this place.
 B = Non-inter-level travel time spent in this place.
 C = Inter-level travel time spent in this place.
 D = Time resting spent in this place.
 E = Time spent auto-exploring this place.
 F = Levels seen in this place.
 G = Mean time per level.
                   A        B        C        D        E       F      G
               +--------+--------+--------+--------+--------+-----+--------+
         Total |   1217 |   1187 |     30 |      0 |    967 |   2 |  608.5 |
       Dungeon |   1217 |   1187 |     30 |      0 |    967 |   2 |  608.5 |
               +--------+--------+--------+--------+--------+-----+--------+

Top non-repeatable levels by time:
     D:1: 831 daAuts
     D:2: 386 daAuts
